 Dungeon Crawl Stone Soup version 0.19.1 (webtiles) character file.

8 DETm the Magician (level 2, 0/16 HPs)
             Began as a Deep Elf Transmuter on Dec 3, 2016.
             Killed from afar by a dart slug (5 damage)
             ... with a slug dart
             ... on level 1 of the Dungeon.
             The game lasted 00:00:40 (288 turns).

DETm the Magician (Deep Elf Transmuter)              Turns: 288, Time: 00:00:40

Health: 0/16       AC:  2    Str:  7    XL:     2   Next: 0%
Magic:  6/8        EV: 13    Int: 17    God:
Gold:   0          SH:  0    Dex: 15    Spells: 1 memorised, 6 levels left

rFire  . . .     SeeInvis .       - Unarmed
rCold  . . .     Gourm    .     b - +0 robe
rNeg   . . .     Faith    .     (no shield)
rPois  .         Spirit   .     (no helmet)
rElec  .         Reflect  .     (no cloak)
rCorr  .         Harm     .     (no gloves)
MR     .....                    (boots currently unavailable)
Stlth  +.........               (no amulet)
                                (no ring)
                                (no ring)

@: appendage
A: talons 3
a: End Transformation


You were on level 1 of the Dungeon.
You were not hungry.
You had grown temporary talons.
You visited 1 branch of the dungeon, and saw 1 of its levels.

Inventory:

Missiles
 a - 12 arrows
Armour
 b - a +0 robe (worn)
Scrolls
 e - a scroll of random uselessness {unknown}
Books
 c - a book of Changes
Comestibles
 d - a bread ration
 f - 3 chunks of flesh


   Skills:
 - Level 0.7 Fighting
 - Level 2.4 Dodging
 - Level 2.4 Unarmed Combat
 + Level 3.3 Spellcasting
 * Level 2.7 Transmutations


You had 6 spell levels left.
You knew the following spells:

 Your Spells              Type           Power        Failure   Level  Hunger
a - Beastly Appendage     Tmut           ##....       6%          1    None


Dungeon Overview and Level Annotations

Branches:
Dungeon (1/15)

Altars:


Innate Abilities, Weirdness & Mutations

You have claws for feet.


Message History

You hit the hobgoblin but do no damage. The hobgoblin hits you.
You closely miss the hobgoblin. The hobgoblin barely misses you.
You hit the hobgoblin.
The hobgoblin is heavily wounded.
The hobgoblin closely misses you.
You hit the hobgoblin.
The hobgoblin is severely wounded.
You barely miss the hobgoblin.
The hobgoblin is severely wounded.
The hobgoblin misses you.
Casting: Beastly Appendage
Confirm with . or Enter, or press ? or * to list all spells.
You grow a pair of large bovine horns.
The hobgoblin closely misses you.
You hit the hobgoblin.
You kill the hobgoblin!
No target in view!
No target in view!
Unknown command.
You start resting.
Magic restored.
You start resting.
Your transformation is almost over.
You start resting.
Your horns disappear.
You start resting.
HP restored.
Unknown command.
You start waiting.
Done waiting.
A giant cockroach comes into view.
A giant cockroach comes into view.
Casting: Beastly Appendage
Confirm with . or Enter, or press ? or * to list all spells.
You grow a pair of large bovine horns.
The giant cockroach bites you but does no damage.
You closely miss the giant cockroach. The giant cockroach misses you.
You barely miss the giant cockroach. The giant cockroach misses you.
The giant cockroach bites you but does no damage.
You completely miss the giant cockroach.
The giant cockroach misses you.
The giant cockroach completely misses you.
The giant cockroach barely misses you. x2
You completely miss the giant cockroach.
The giant cockroach misses you.
The giant cockroach bites you but does no damage.
You hit the giant cockroach. You headbutt the giant cockroach.
You kill the giant cockroach!
The giant cockroach misses you.
You hit the giant cockroach. You headbutt the giant cockroach.
The giant cockroach is severely wounded.
The giant cockroach closely misses you.
You closely miss the giant cockroach.
The giant cockroach is severely wounded.
The giant cockroach closely misses you.
You hit the giant cockroach.
You kill the giant cockroach!
No target in view!
Unknown command.
You see here a giant cockroach corpse.
You butcher the giant cockroach corpse.
f - a chunk of flesh You see here a giant cockroach corpse.
You butcher the giant cockroach corpse.
Your transformation is almost over.
f - 3 chunks of flesh (gained 2)
You start waiting.
Your horns disappear.
e - a scroll labeled VEXESU SIUTIFA A dart slug comes into view.
Unknown command.
A dart slug is nearby!
A goblin and a dart slug come into view.
The goblin shouts!
Found a stone staircase leading down.
Casting: Beastly Appendage
Confirm with . or Enter, or press ? or * to list all spells.
Your feet morph into talons.
The dart slug bites you.
You hit the dart slug.
The dart slug is lightly wounded.
You completely miss the dart slug. You claw the dart slug.
The dart slug is moderately wounded.
The dart slug bites you but does no damage.
The dart slug launches a dart at you. The slug dart hits you!
Ouch! That really hurt!
* * * LOW HITPOINT WARNING * * *
Unknown command.
You hit the dart slug.
The dart slug is severely wounded.
The dart slug bites you.
* * * LOW HITPOINT WARNING * * *
Unknown command.
You hit the dart slug.
You kill the dart slug!
You hit the goblin.
You kill the goblin!
You have reached level 2!
The dart slug launches a dart at you. The slug dart hits you!
You die...

..#..#####..# #..# .
#.#.........# #..# ..
.w#.........###..# ...#
#.#..............#
.....#.#..####........#
......w#..# #........#
#.)..# #..####..#
.>.....#..# #..# #..#
#.##.#.#@.####..# #..#
.. #g#........# #..# ##
#.#........####..#
#.#..............#
#.#..###.........#
#.#..# #.........# #..#
#..#####..# #..###..#
#..# #.......# #..#


You could see a dart slug.

Vanquished Creatures
  A dart slug (D:1)
  2 giant cockroaches (D:1)
  A goblin (D:1)
  A hobgoblin (D:1)
5 creatures vanquished.

Notes
Turn   | Place    | Note
-------+----------+-------------------------------------------
     0 | D:1      | DETm the Deep Elf Transmuter began the quest for the Orb.
     0 | D:1      | Reached XP level 1. HP: 11/11 MP: 6/6
   287 | D:1      | Reached XP level 2. HP: 5/16 MP: 6/8
   288 | D:1      | Killed from afar by a dart slug

Action                   || total
-------------------------++-------
Melee: Unarmed           ||    21
       Headbutt          ||     2
       Kick              ||     1
 Cast: Beastly Appendage ||     3
Armor: Robe              ||     4
Dodge: Dodged            ||    16

Vault maps used:
D:1:      dpeg_arrival_boxorama

Table legend:
 A = Turns spent in this place as a percentage of turns spent in the entire game.
 B = Non-inter-level travel turns spent in this place as a percentage of non-inter-level travel turns spent in the entire game.
 C = Inter-level travel turns spent in this place as a percentage of turns spent in this place.
 D = Turns resting spent in this place as a percentage of non-inter-level travel turns spent in this place.
 E = Turns spent auto-exploring this place as a percentage of non-inter-level travel turns spent in this place.
 F = Non-inter-level travel turns spent in this place divided by the number of levels of this place that you've seen.
                   A       B       C       D       E      F
               +-------+-------+-------+-------+-------+----------------------
         Total | 100.0 | 100.0 |   0.0 |  15.5 |   5.2 |  58.0
       Dungeon | 100.0 | 100.0 |   0.0 |  15.5 |   5.2 |  58.0
               +-------+-------+-------+-------+-------+----------------------

Table legend:
 A = Kills in this place as a percentage of kills in entire the game.
 B = Kills by you in this place as a percentage of kills by you in the entire game.
 C = Kills by friends in this place as a percentage of kills by friends in the entire game.
 D = Other kills in this place as a percentage of other kills in the entire game.
 E = Experience gained in this place as a percentage of experience gained in the entire game.
 F = Experience gained in this place divided by the number of levels of this place that you have seen.
                   A       B       C       D       E      F
               +-------+-------+-------+-------+-------+----------------------
         Total | 100.0 | 100.0 |  -nan |  -nan | 100.0 |  12.0
       Dungeon | 100.0 | 100.0 |  -nan |  -nan | 100.0 |  12.0
               +-------+-------+-------+-------+-------+----------------------
